 Dungeon Crawl Stone Soup version 0.24-a0-271-ga0fc33f724 (webtiles) character file.

Game seed: 9676388384080487147

46 Redear the Skirmisher (level 3, 0/29 HPs)
             Began as a Demonspawn Fighter on Apr 23, 2019.
             Slain by a jackal (2 damage)
             ... on level 2 of the Dungeon.
             The game lasted 00:01:36 (795 turns).

Redear the Skirmisher (Demonspawn Fighter)           Turns: 795, Time: 00:01:37

Health: 0/29       AC:  3    Str: 22    XL:     3   Next: 44%
Magic:  3/3        EV: 11    Int:  9    God:
Gold:   47         SH:  0    Dex: 12    Spells: 2/2 levels left

rFire    + . .     SeeInvis .   a - +0 war axe
rCold    . . .     Gourm    .   (no shield)
rNeg     . . .     Faith    .   k - +0 leather armour (curse)
rPois    .         Spirit   .   j - -1 helmet (curse)
rElec    .         Reflect  .   (no cloak)
rCorr    .         Harm     .   (no gloves)
MR       .....                  (no boots)
Stlth    +.........             (no amulet)
HPRegen  0.09/turn              (no ring)
MPRegen  0.08/turn              (no ring)

@: mighty
A: talons 1, fire resistance 1
a: no special abilities


You were on level 2 of the Dungeon.
You were not hungry.

You visited 1 branch of the dungeon, and saw 2 of its levels.

You collected 47 gold pieces.

Inventory:

Hand Weapons
 a - a +0 war axe (weapon)
Armour
 b - a +0 scale mail
 c - a +0 shield
 j - a cursed -1 helmet (worn)
 k - a cursed +0 leather armour (worn)
Jewellery
 i - an uncursed amulet of regeneration {unknown}
Scrolls
 f - a scroll of amnesia {unknown}
 g - a scroll of enchant armour {unknown}
Comestibles
 z - 2 rations


   Skills:
 + Level 3.4 Fighting
 - Level 1.7 Axes
 + Level 3.1 Armour
 + Level 1.2 Dodging
 + Level 3.1 Shields


You had 2 spell levels left.
You didn't know any spells.
Your spell library was empty.

Dungeon Overview and Level Annotations

Branches:
Dungeon (2/15)

Altars:
Elyvilon


Innate Abilities, Weirdness & Mutations

You have sharp toenails.
Your flesh is heat resistant. (rF+)


Message History

You closely miss the jackal. The jackal bites you.
* * * LOW HITPOINT WARNING * * *
You take 3 damage, and have 5/29 hp.
Okay, then.
Unknown command.
Unknown command.
It was a potion of cancellation.
Your magical effects are unravelling.
You feel magically purged.
You feel yourself slow down. The jackal bites you.
* * * LOW HITPOINT WARNING * * *
You take 2 damage, and have 3/29 hp.
The jackal bites you.
* * * LOW HITPOINT WARNING * * *
You take 2 damage, and have 1/29 hp.
Unknown command.
You feel very mighty all of a sudden. The jackal bites you.
You die...

.._.... ...#
.....⌠. ...# .....
... .#.#.#.#†#
.[.......#
#######.## ##.##
##...######
##.....@hgg#
#..#....##.#
######......#..#
..........#.#†...#
.#####..(.#.#....#
#.#
###.#.##.##.....
#.#
#........###.....
###.###.###.####
##...# ###.......#
#.# .....


You could see a jackal, a hobgoblin and a goblin.

Vanquished Creatures
  An adder (D:2)
  An ooze (D:2)
  A dart slug (D:1)
  A giant cockroach (D:1)
  5 goblins (D:1)
  A hobgoblin (D:1)
  5 jackals
  A kobold (D:1)
  4 bats
  6 frilled lizards
  5 rats (D:1)
31 creatures vanquished.

Notes
Turn   | Place    | Note
-------+----------+-------------------------------------------
     0 | D:1      | Redear the Demonspawn Fighter began the quest for the Orb.
     0 | D:1      | Reached XP level 1. HP: 18/18 MP: 1/1
   241 | D:1      | Gained mutation: You have sharp toenails. [demonic
                  | ancestry]
   241 | D:1      | Reached XP level 2. HP: 15/24 MP: 2/2
   515 | D:1      | Reached skill level 1 in Dodging
   517 | D:1      | Reached skill level 3 in Shields
   747 | D:2      | Found a white marble altar of Elyvilon.
   751 | D:2      | Reached skill level 3 in Armour
   751 | D:2      | Gained mutation: Your flesh is heat resistant. (rF+)
                  | [demonic ancestry]
   751 | D:2      | Reached XP level 3. HP: 29/29 MP: 3/3
   794 | D:2      | HP: 1/29 [jackal (2)]
   795 | D:2      | Slain by a jackal

Levels and vault maps discovered:
D:1:      onia_arrival_mini_maze, layout_basic, moated_statue
D:2:      layout_loops_cross, elyvilon_altar_5, makhleb_altar_promises_db

Skill      XL: |  1  2 |
---------------+-------+-----
Dodging        | 1 |  1.2
Shields        | 3 |  3.1
Armour         | 3 |  3.1
Fighting       | |  3.4
Axes           | |  1.7

Action                   || total
-------------------------++-------
Melee: War axe           ||   105
       Kick              ||    12
  Use: Potion            ||     3
Armor: Scale mail        ||    46
       Leather armour    ||    16
Dodge: Dodged            ||    92

Table legend:
 A = Non-vault XP
 B = Vault XP
 C = Vault XP percentage of total XP
 D = Non-vault monster count
 E = Vault monster count
 F = Vault count percentage of total count
                 A         B        C        D         E       F
            +---------+---------+-------+---------+---------+-------
      Total |      66 |       0 |   0.0 |      31 |       0 |   0.0
            +---------+---------+-------+---------+---------+-------
        D:1 |      37 |       0 |   0.0 |      23 |       0 |   0.0
        D:2 |      29 |       0 |   0.0 |       8 |       0 |   0.0
            +---------+---------+-------+---------+---------+-------
